NCAA
WASHINGTON STATE COUGARS @ BAYLOR BEARS
05/13/2029
 
TOP OF THE 1ST
Washington State Cougars batting - Pitching for Baylor Bears : LHP Warren Banda
Pitching: LHP Warren Banda
Batting: RHB Merlin Dobbin 0-0: Swinging Strike
0-1: Ball
1-1: Ball
2-1: Swinging Strike
2-2: Ball
3-2: Strikes out looking
Batting: SHB Jeff Page 0-0: Ball
1-0: Swinging Strike
1-1: Ball
2-1: Ball
3-1: Foul Ball, location: 2F
3-2: Strikes out looking
Batting: RHB Millard Cummings 0-0: Called Strike
0-1: SOLO HOME RUN (Flyball, 7LD), Distance : 320 ft
Batting: RHB Julius Bell 0-0: Ball
1-0: Ball
2-0: Called Strike
2-1: Ground out 6-3 (Groundball, 6)
Top of the 1st over - 1 run, 1 hit, 0 errors, 0 left on base; Washington State 1 - Baylor 0
BOTTOM OF THE 1ST
Baylor Bears batting - Pitching for Washington State Cougars : RHP Nick Olson
Pitching: RHP Nick Olson
Batting: RHB Reed Allen 0-0: Ball
1-0: Ball
2-0: Foul Ball, location: 2F
2-1: Foul Ball, location: 2F
2-2: Ball
3-2: Base on Balls
Batting: RHB Mike Morrow 0-0: Ball
1-0: Ball
2-0: 2-RUN HOME RUN (Flyball, 7D), Distance : 369 ft
Batting: SHB Ryan Roberts 0-0: Ball
1-0: Ball
2-0: Called Strike
2-1: Ball
3-1: Called Strike
3-2: Foul Ball, location: 2F
3-2: Foul Ball, location: 2F
3-2: Base on Balls
Batting: RHB Gerald Taylor 0-0: Ball
1-0: SINGLE (Flyball, 7LS)
Ryan Roberts to second
Batting: RHB Richard Jeffries 0-0: Ball
1-0: Ground out 5-3 (Groundball, 56S)
Ryan Roberts to third
Gerald Taylor to second
Batting: LHB Alan Jones 0-0: Ball
1-0: 3-RUN HOME RUN (Line Drive, 7D), Distance : 369 ft
Pitching: RHP Travis Farmer
Batting: RHB Eric Turner 0-0: Foul Ball, location: 2F
0-1: Fly out, F9 (Flyball, 9D)
Batting: RHB Lloyd Arnette 0-0: Foul Ball, location: 2F
0-1: Called Strike
0-2: Ground out 6-3 (Groundball, 6)
Bottom of the 1st over - 5 runs, 3 hits, 0 errors, 0 left on base; Washington State 1 - Baylor 5
TOP OF THE 2ND
Washington State Cougars batting - Pitching for Baylor Bears : LHP Warren Banda
Batting: RHB Ian Hill 0-0: Called Strike
0-1: Foul Ball, location: 2F
0-2: Ball
1-2: Ball
2-2: Ball
3-2: Foul Ball, location: 2F
3-2: Strikes out swinging
Batting: RHB Walt Hamilton 0-0: Called Strike
0-1: Fly out, F7 (Line Drive, 7S)
Batting: LHB Jorge Ramírez 0-0: Ground out 4-3 (Groundball, 4)
Top of the 2nd over - 0 runs, 0 hits, 0 errors, 0 left on base; Washington State 1 - Baylor 5
BOTTOM OF THE 2ND
Baylor Bears batting - Pitching for Washington State Cougars : RHP Travis Farmer
Batting: RHB Doug Carter 0-0: Called Strike
0-1: Called Strike
0-2: Strikes out swinging
Batting: RHB Reed Allen 0-0: Called Strike
0-1: Ball
1-1: SINGLE (Groundball, 25) (infield hit)
Batting: RHB Mike Morrow 0-0: Ball
Reed Allen steals 2nd base
1-0: Ball
2-0: Ball
3-0: Foul Ball, location: 2F
3-1: Base on Balls
Batting: SHB Ryan Roberts 0-0: Ball
1-0: Swinging Strike
1-1: SINGLE (Line Drive, 89S)
Reed Allen to third
Mike Morrow to second
Batting: RHB Gerald Taylor 0-0: Called Strike
0-1: Fly out, F8 (Flyball, 89D)
Runner from 3rd tags up, SCORES, no throw
Batting: RHB Richard Jeffries 0-0: Ball
1-0: Fielders Choice at 2nd, 6-4 (Groundball, 6)
Bottom of the 2nd over - 1 run, 2 hits, 0 errors, 2 left on base; Washington State 1 - Baylor 6
TOP OF THE 3RD
Washington State Cougars batting - Pitching for Baylor Bears : LHP Warren Banda
Batting: RHB Charlie Owens 0-0: Called Strike
0-1: Ball
1-1: Ball
2-1: Foul Ball, location: 2F
2-2: Ball
3-2: Base on Balls
Batting: LHB Ed Bailey 0-0: Called Strike
0-1: Ball
1-1: Foul Ball, location: 2F
1-2: Ball
2-2: Ball
3-2: Strikes out swinging
Batting: RHB Merlin Dobbin 0-0: SINGLE (Groundball, 25) (infield hit)
Charlie Owens to second
Batting: SHB Jeff Page 0-0: Ball
1-0: Foul Ball, location: 2F
1-1: Ball
2-1: Swinging Strike
2-2: Strikes out looking
Batting: RHB Millard Cummings 0-0: Swinging Strike
0-1: Swinging Strike
0-2: Foul Ball, location: 2F
0-2: Foul Ball, location: 2F
0-2: Foul Ball, location: 2F
0-2: Ball
1-2: Ball
2-2: Foul Ball, location: 2F
2-2: Strikes out looking
Top of the 3rd over - 0 runs, 1 hit, 0 errors, 2 left on base; Washington State 1 - Baylor 6
BOTTOM OF THE 3RD
Baylor Bears batting - Pitching for Washington State Cougars : RHP Travis Farmer
Batting: LHB Alan Jones 0-0: Ball
1-0: Called Strike
1-1: Foul Ball, location: 2F
1-2: Foul Ball, location: 2F
1-2: Ball
2-2: Strikes out swinging
Batting: RHB Eric Turner 0-0: Ball
1-0: Ball
2-0: Ball
3-0: Called Strike
3-1: Base on Balls
Batting: RHB Lloyd Arnette 0-0: Ball
Eric Turner steals 2nd base
1-0: Foul Ball, location: 2F
1-1: Ball
2-1: Swinging Strike
2-2: Foul Ball, location: 2F
2-2: Strikes out swinging
Batting: RHB Doug Carter 0-0: Called Strike
0-1: Ball
1-1: Fly out, F7 (Flyball, 78S)
Bottom of the 3rd over - 0 runs, 0 hits, 0 errors, 1 left on base; Washington State 1 - Baylor 6
TOP OF THE 4TH
Washington State Cougars batting - Pitching for Baylor Bears : LHP Warren Banda
Batting: RHB Julius Bell 0-0: Ball
1-0: Ball
2-0: SINGLE (Groundball, 56D)
Batting: RHB Ian Hill 0-0: Called Strike
0-1: Ball
1-1: Foul Ball, location: 2F
1-2: Ball
2-2: Foul Ball, location: 2F
2-2: Ball
3-2: Foul Ball, location: 2F
3-2: Base on Balls
Julius Bell to second
Batting: RHB Walt Hamilton 0-0: Ball
1-0: Ball
2-0: SINGLE (Groundball, 56D)
Julius Bell to third
Ian Hill to second
Runner from 3rd tries for Home, SAFE, throw made home
Batting: LHB Jorge Ramírez 0-0: Ball
1-0: Foul Ball, location: 2F
1-1: Ball
2-1: Ball
3-1: Base on Balls
Ian Hill to third
Walt Hamilton to second
Batting: RHB Charlie Owens 0-0: Called Strike
0-1: Ball
1-1: Ground out 4-3 (Groundball, 4D)
Ian Hill scores
Walt Hamilton to third
Jorge Ramírez to second
Batting: LHB Ed Bailey 0-0: Ball
1-0: Foul Ball, location: 2F
1-1: Ball
2-1: Foul Ball, location: 2F
2-2: Strikes out looking
Pitching: RHP Enrique Bernal
Batting: RHB Merlin Dobbin 0-0: Ball
1-0: TRIPLE (Line Drive, 8RXD)
Walt Hamilton scores
Jorge Ramírez scores
Batting: SHB Jeff Page 0-0: Foul Ball, location: 2F
0-1: Foul Ball, location: 2F
0-2: Ball
1-2: Foul Ball, location: 2F
1-2: Strikes out swinging
Top of the 4th over - 4 runs, 3 hits, 0 errors, 1 left on base; Washington State 5 - Baylor 6
BOTTOM OF THE 4TH
Baylor Bears batting - Pitching for Washington State Cougars : RHP Travis Farmer
Batting: RHB Reed Allen 0-0: Called Strike
0-1: Ball
1-1: Ball
2-1: Called Strike
2-2: Foul Ball, location: 2F
2-2: SINGLE (Groundball, 5D)
Batting: RHB Mike Morrow 0-0: Ball
1-0: Ball
2-0: Ball
3-0: Called Strike
3-1: Foul Ball, location: 2F
3-2: Base on Balls
Reed Allen to second
Batting: SHB Ryan Roberts 0-0: Ball
1-0: Ball
2-0: Ball
3-0: Base on Balls
Reed Allen to third
Mike Morrow to second
Pitching: RHP Emílio Marín
Batting: RHB Gerald Taylor 0-0: Foul Ball, location: 2F
0-1: Called Strike
0-2: Foul Ball, location: 2F
0-2: Strikes out swinging
Pitching: RHP Wilford Hodge
Batting: RHB Richard Jeffries 0-0: Ball
1-0: Foul Ball, location: 2F
1-1: Swinging Strike
1-2: Strikes out swinging
Batting: LHB Alan Jones 0-0: Ball
1-0: Foul Ball, location: 2F
1-1: Called Strike
1-2: Strikes out swinging
Bottom of the 4th over - 0 runs, 1 hit, 0 errors, 3 left on base; Washington State 5 - Baylor 6
TOP OF THE 5TH
Washington State Cougars batting - Pitching for Baylor Bears : RHP Enrique Bernal
Batting: RHB Millard Cummings 0-0: Ball
1-0: Ball
2-0: Foul Ball, location: 2F
2-1: Ground out 6-3 (Groundball, 6)
Batting: RHB Julius Bell 0-0: Called Strike
0-1: Ball
1-1: Foul Ball, location: 2F
1-2: Ball
2-2: Strikes out swinging
Batting: RHB Ian Hill 0-0: Ball
1-0: SOLO HOME RUN (Flyball, 7LD), Distance : 335 ft
Batting: RHB Walt Hamilton 0-0: Ball
1-0: Fly out, F4 (Popup, 4D)
Top of the 5th over - 1 run, 1 hit, 0 errors, 0 left on base; Washington State 6 - Baylor 6
BOTTOM OF THE 5TH
Baylor Bears batting - Pitching for Washington State Cougars : RHP Wilford Hodge
Batting: RHB Eric Turner 0-0: Ball
1-0: Foul Ball, location: 2F
1-1: Reached on error, E5 (Groundball, 56)
Batting: RHB Lloyd Arnette 0-0: Called Strike
0-1: Ball
1-1: SINGLE (Line Drive, 78S)
Eric Turner to second
Batting: RHB Doug Carter 0-0: Ball
1-0: Called Strike
1-1: Swinging Strike
1-2: Foul Ball, location: 2F
1-2: Ball
2-2: Strikes out swinging
Batting: RHB Reed Allen 0-0: Ball
1-0: Called Strike
1-1: Foul Ball, location: 2F
1-2: Ball
2-2: Foul Ball, location: 2F
2-2: Foul Ball, location: 2F
2-2: Ball
3-2: Foul Ball, location: 2F
3-2: Foul Ball, location: 2F
3-2: Foul Ball, location: 2F
3-2: Foul Ball, location: 2F
3-2: Base on Balls
Eric Turner to third
Lloyd Arnette to second
Batting: RHB Mike Morrow 0-0: Ball
1-0: Ball
2-0: DOUBLE (Line Drive, 8LD)
Eric Turner scores
Lloyd Arnette scores
Reed Allen to third
Runner from 3rd tries for Home, SAFE, no throw
Batting: SHB Ryan Roberts 0-0: Ball
1-0: Ball
2-0: Called Strike
2-1: Called Strike
2-2: Ball
3-2: Foul Ball, location: 2F
3-2: Fly out, F8 (Flyball, 8RXD)
Runner from 2nd tags up, SAFE at 3rd, no throw
Batting: RHB Gerald Taylor 0-0: Ball
1-0: Fly out, F8 (Flyball, 8RM)
Bottom of the 5th over - 3 runs, 2 hits, 1 error, 1 left on base; Washington State 6 - Baylor 9
TOP OF THE 6TH
Washington State Cougars batting - Pitching for Baylor Bears : RHP Enrique Bernal
Batting: LHB Jorge Ramírez 0-0: Called Strike
0-1: Swinging Strike
0-2: Hit by Pitch
Batting: RHB Charlie Owens 0-0: Called Strike
0-1: Grounds into double play, 4-6-3 (Groundball, 4)
Batting: LHB Ed Bailey 0-0: Ground out 6-3 (Groundball, 6)
Top of the 6th over - 0 runs, 0 hits, 0 errors, 0 left on base; Washington State 6 - Baylor 9
BOTTOM OF THE 6TH
Baylor Bears batting - Pitching for Washington State Cougars : RHP Wilford Hodge
Batting: RHB Richard Jeffries 0-0: Fly out, F8 (Flyball, 8LXD)
Batting: LHB Alan Jones 0-0: Foul Ball, location: 2F
0-1: Fly out, F6 (Popup, 6)
Batting: RHB Eric Turner 0-0: Ground out 5-3 (Groundball, 56S)
Bottom of the 6th over - 0 runs, 0 hits, 0 errors, 0 left on base; Washington State 6 - Baylor 9
TOP OF THE 7TH
Washington State Cougars batting - Pitching for Baylor Bears : RHP Enrique Bernal
Batting: RHB Merlin Dobbin 0-0: Foul Ball, location: 2F
0-1: Foul Ball, location: 2F
0-2: Fly out, F8 (Flyball, 89M)
Batting: SHB Jeff Page 0-0: Ball
1-0: Ball
2-0: Ball
3-0: Called Strike
3-1: Foul Ball, location: 2F
3-2: Strikes out looking
Batting: RHB Millard Cummings 0-0: Called Strike
0-1: Ball
1-1: Ball
2-1: SOLO HOME RUN (Flyball, 7LD), Distance : 329 ft
Pitching: RHP Doug Roberts
Batting: RHB Julius Bell 0-0: Ball
1-0: Called Strike
1-1: Ball
2-1: Swinging Strike
2-2: Foul Ball, location: 2F
2-2: Strikes out swinging
Top of the 7th over - 1 run, 1 hit, 0 errors, 0 left on base; Washington State 7 - Baylor 9
BOTTOM OF THE 7TH
Baylor Bears batting - Pitching for Washington State Cougars : RHP Wilford Hodge
Batting: RHB Lloyd Arnette 0-0: Ground out 5-3 (Groundball, 56S)
Batting: RHB Doug Carter 0-0: Ball
1-0: Called Strike
1-1: Swinging Strike
1-2: Ball
2-2: Ball
3-2: Base on Balls
Batting: RHB Reed Allen 0-0: Called Strike
0-1: Swinging Strike
0-2: Ball
1-2: SINGLE (Line Drive, 6MD)
Doug Carter to second
Batting: RHB Mike Morrow 0-0: Ground out 5-3 (Groundball, 56S)
Doug Carter to third
Reed Allen to second
Batting: SHB Ryan Roberts 0-0: Reached on error, E6 (Flyball, 6MD)
Doug Carter scores
Reed Allen to third
Batting: RHB Gerald Taylor 0-0: Ball
1-0: Called Strike
1-1: Foul Ball, location: 2F
1-2: Strikes out looking
Bottom of the 7th over - 1 run, 1 hit, 1 error, 2 left on base; Washington State 7 - Baylor 10
TOP OF THE 8TH
Washington State Cougars batting - Pitching for Baylor Bears : RHP Doug Roberts
Batting: RHB Ian Hill 0-0: Ball
1-0: Foul Ball, location: 2F
1-1: Called Strike
1-2: Foul Ball, location: 2F
1-2: Foul Ball, location: 2F
1-2: Foul Ball, location: 2F
1-2: Strikes out swinging
Batting: RHB Walt Hamilton 0-0: Ground out 1-3 (Groundball, 13S)
Batting: LHB Jorge Ramírez 0-0: Ball
1-0: Swinging Strike
1-1: Swinging Strike
1-2: Strikes out swinging
Top of the 8th over - 0 runs, 0 hits, 0 errors, 0 left on base; Washington State 7 - Baylor 10
BOTTOM OF THE 8TH
Baylor Bears batting - Pitching for Washington State Cougars : RHP Wilford Hodge
Batting: RHB Richard Jeffries 0-0: Ball
1-0: Ball
2-0: Foul Ball, location: 2F
2-1: Ball
3-1: Swinging Strike
3-2: Base on Balls
Batting: LHB Alan Jones 0-0: Ball
Richard Jeffries is caught stealing 2nd base
1-0: Ball
2-0: Ball
3-0: Base on Balls
Batting: RHB Eric Turner 0-0: Swinging Strike
0-1: Ground out 4-3 (Groundball, 34)
Alan Jones to second
Batting: RHB Lloyd Arnette 0-0: Called Strike
0-1: Ball
1-1: Swinging Strike
1-2: Ground out 5-3 (Groundball, 56S)
Bottom of the 8th over - 0 runs, 0 hits, 0 errors, 1 left on base; Washington State 7 - Baylor 10
TOP OF THE 9TH
Washington State Cougars batting - Pitching for Baylor Bears : RHP Doug Roberts
Pitching: RHP José Aguilar
Batting: RHB Charlie Owens 0-0: Ball
1-0: Ball
2-0: Called Strike
2-1: Ball
3-1: Base on Balls
Batting: LHB Ed Bailey 0-0: Ball
1-0: Ball
2-0: Swinging Strike
2-1: Ball
3-1: Base on Balls
Charlie Owens to second
Batting: RHB Merlin Dobbin 0-0: Called Strike
0-1: Swinging Strike
0-2: Ball
1-2: Ball
2-2: Fielders Choice at 2nd, 3-6 (Groundball, 34)
Charlie Owens to third
Batting: SHB Jeff Page 0-0: Ball
1-0: Called Strike
1-1: Foul Ball, location: 2F
1-2: Ball
2-2: Foul Ball, location: 2F
2-2: Ball
3-2: Base on Balls
Merlin Dobbin to second
Batting: RHB Millard Cummings 0-0: Fly out, F8 (Flyball, 8LS)
Runner from 3rd tags up, SCORES, no throw
Batting: RHB Julius Bell 0-0: SINGLE (Line Drive, 7LS)
Merlin Dobbin to third
Jeff Page to second
Batting: RHB Ian Hill 0-0: Called Strike
0-1: Fly out, F6 (Flyball, 56D)
Top of the 9th over - 1 run, 1 hit, 0 errors, 3 left on base; Washington State 8 - Baylor 10
Saturday, December 16th, 2017 - OOTP Baseball 18.8 Build 76